 Dungeon Crawl Stone Soup version 0.31.0-11-ge490571c62 (webtiles) character file.

Game seed: 17043617729173190248

142 qw the Ducker (level 5, 0/26 HPs)
             Began as a Spriggan Hunter on Feb 4, 2024.
             Slain by Grinder (6 damage)
             ... on level 4 of the Dungeon.
             The game lasted 00:00:08 (1886 turns).

qw the Ducker (Spriggan Hunter)                     Turns: 1886, Time: 00:00:09

Health: 0/26       AC:  2    Str:  7    XL:     5   Next: 4%
Magic:  6/6        EV: 20    Int: 11    God:
Gold:   225        SH:  0    Dex: 20    Spells: 4/4 levels left

rFire   . . .        a - +1 shortbow
rCold   . . .        (shield currently unavailable)
rNeg    . . .        c - +0 robe
rPois   .            (helmet restricted)
rElec   .            (no cloak)
rCorr   .            (gloves unavailable)
SInv    +            (boots unavailable)
Will    .....        (no amulet)
Stlth   ++           (no ring)
HPRegen 0.24/turn    (no ring)
MPRegen 0.10/turn

%: no passive effects
@: very quick
A: very small, no large weapons, unfitting armour, see invisible, speed 3
a: no special abilities


You were on level 4 of the Dungeon.
You visited 1 branch of the dungeon, and saw 4 of its levels.

You collected 225 gold pieces.


Innate Abilities, Weirdness & Mutations

You are very small and have problems with some larger weapons.
You are too small for most types of armour.
You have supernaturally acute eyesight. (SInv)
You cover ground extremely quickly. (Speed+++)


   Skills:
 - Level 2.1 Fighting
 + Level 5.0 Ranged Weapons
 - Level 5.2 Dodging
 - Level 1.5 Stealth


You had 4 spell levels left.
You didn't know any spells.
Your spell library was empty.

Inventory:

Hand Weapons
 a - a +1 shortbow (weapon)
Armour
 c - a +0 robe (worn)
Potions
 e - a potion of might
 f - a potion of heal wounds
 g - a potion of cancellation {unknown}
 h - a potion of invisibility {unknown}
 i - a potion of ambrosia {unknown}

Dungeon Overview and Level Annotations

Branches:
Dungeon (4/15)
 Temple: D:4-7

Altars:

Shops:
D:3 =

Annotations:
D:4 Grinder


Message History

1860 ||| READING scroll labelled IXUOSTR ADGHAEPP.
As you read the scroll labelled IXUOSTR ADGHAEPP, it crumbles to dust.
It is a scroll of enchant weapon.
1860 ||| ENCHANTING +0 shortbow.
Your +0 shortbow glows red for a moment.
Done exploring.
What level of the Dungeon? (default 3, ? - help)
There is a stone staircase leading down here.
You climb downwards.
There is a stone staircase leading up here.
Grinder is nearby!
Waypoint 3 assigned to D:4.
You shoot an arrow. The arrow hits Grinder!
Grinder shouts!
Grinder is moderately wounded.
You shoot an arrow. The arrow hits Grinder!
Grinder is heavily wounded.
You shoot an arrow. The arrow closely misses Grinder.
You shoot an arrow. The arrow hits Grinder.
Grinder is heavily wounded.
Grinder blinks!
There is a stone staircase leading up here.
You shoot an arrow. The arrow hits Grinder.
Grinder is heavily wounded.
Grinder says, "Don't move a muscle."
Grinder blinks!
You shoot an arrow. The arrow hits Grinder.
Grinder is heavily wounded.
Grinder says, "Just stop there for a second..."
Grinder gestures at you.
You suddenly lose the ability to move!
Grinder says, "Don't move a muscle."
Grinder hits you. Grinder hits you but does no damage.
Grinder blinks!
You can move again.
You shoot an arrow. The arrow barely misses Grinder.
Grinder hits you.
You writhe in agony.
You shoot an arrow. The arrow closely misses Grinder.
Grinder hits you!
You writhe in agony.
You die...
Grinder says, "Now the real fun starts!"

#
#####..##
#...ยค....
#<###....
#@# #
#5......#
...#....#
###.# ####
.# .# .#
.#


You could see Grinder.

Vanquished Creatures
  An orc wizard (D:3)
  5 adders
  A dart slug (D:2)
  A ribbon worm (D:2)
  4 orcs (D:3)
  5 bats
  7 endoplasms
  6 goblins
  3 hobgoblins (D:1)
  9 jackals
  5 ball pythons
  2 frilled lizards
  8 kobolds
  6 rats
63 creatures vanquished.

Notes
Turn   | Place    | Note
-------+----------+-------------------------------------------
     0 | D:1      | qw the Spriggan Hunter began the quest for the Orb.
     0 | D:1      | Reached XP level 1. HP: 10/10 MP: 2/2
     0 | D:1      | 0 ||| qw: Version: 0.3-a-160-g6735b56
     0 | D:1      | 0 ||| qw: Game counter: 4828
     0 | D:1      | 0 ||| qw: Melee chars always use a shield: true
     0 | D:1      | 0 ||| qw: God list: Okawaru
     0 | D:1      | 0 ||| qw: Allow faded altars: false
     0 | D:1      | 0 ||| qw: Do Orc after clearing Dungeon:15 true
     0 | D:1      | 0 ||| qw: Do second Lair branch before Depths: true
     0 | D:1      | 0 ||| qw: Lair rune preference: random
     0 | D:1      | 0 ||| qw: Goals: Normal
     0 | D:1      | 0 ||| PLANNING D:1-11
    18 | D:1      | Reached skill level 3 in Dodging
    84 | D:1      | 84 ||| RETREEEEATING.
    87 | D:1      | 87 ||| RETREEEEATING.
    88 | D:1      | 88 ||| RETREEEEATING.
    89 | D:1      | 89 ||| RETREEEEATING.
    91 | D:1      | 91 ||| RETREEEEATING.
    92 | D:1      | 92 ||| RETREEEEATING.
    94 | D:1      | Reached XP level 2. HP: 12/14 MP: 3/3
   350 | D:1      | Reached XP level 3. HP: 18/18 MP: 4/4
   353 | D:1      | Found a faded altar of an unknown god.
   640 | D:1      | 640 ||| READING scroll labelled QIKLUE KAWNAG.
   640 | D:1      | 640 ||| IDENTIFYING grey potion
   641 | D:1      | 641 ||| READING scroll labelled COUCIZ JAHIGE.
   642 | D:1      | 642 ||| READING scroll labelled PUENEY XAHIOLE.
   643 | D:1      | 643 ||| DROPPING scroll of butterflies.
   994 | D:2      | Reached XP level 4. HP: 22/22 MP: 5/5
  1272 | D:2      | 1272 ||| DROPPING ring of wizardry.
  1273 | D:2      | 1273 ||| READING scroll labelled YFRIYL NUOM.
  1276 | D:2      | 1276 ||| READING scroll labelled LUSKIBL PEPE.
  1277 | D:2      | 1277 ||| READING scroll labelled SOT ITUC POLYF.
  1447 | D:3      | Found Qineun's Jewellery Boutique.
  1450 | D:3      | 1450 ||| SHOPLISTING amulet of regeneration (300 gold, have
                  | 138).
  1450 | D:3      | 1450 ||| SHOPLISTING amulet of the acrobat (300 gold, have
                  | 138).
  1450 | D:3      | 1450 ||| SHOPLISTING ring of ice (250 gold, have 138).
  1450 | D:3      | 1450 ||| SHOPLISTING ring of positive energy (200 gold,
                  | have 138).
  1450 | D:3      | 1450 ||| SHOPLISTING ring of resist corrosion (200 gold,
                  | have 138).
  1766 | D:3      | Reached XP level 5. HP: 18/26 MP: 6/6
  1859 | D:3      | 1859 ||| READING scroll of identify.
  1859 | D:3      | 1859 ||| IDENTIFYING metallic yellow potion
  1860 | D:3      | 1860 ||| READING scroll labelled IXUOSTR ADGHAEPP.
  1860 | D:3      | 1860 ||| ENCHANTING +0 shortbow.
  1871 | D:4      | Noticed Grinder
  1880 | D:4      | Paralysed by Grinder for 5 turns
  1886 | D:4      | HP: 6/26 [Grinder (9)]
  1886 | D:4      | Slain by Grinder

Levels and vault maps discovered:
D:1:      amcnicky_arrival_double_pillar, layout_rooms,
          hellmonk_ecumenical_altar_heavens_door, minmay_misc_feat_chi,
          chequers_hall_statues_wall_a
D:2:      kennysheep_big_flooded_room, layout_basic, minmay_ruptured
D:3:      layout_rooms, serial_shops, nicolae_shop_tiny_real_fake_doors,
          kennysheep_generic_room_13
D:4:      layout_loops_ring, mainiacjoe_overflow_tiny_flanked,
          minmay_temple_entry_tees, grunt_ministairs_8, corexii_shack,
          serial_bayou_pond_c, minmay_increasing_density, uniq_grinder,
          uniq_ijyb

Skill      XL: |  1  2  3  4 |
---------------+-------------+-----
Dodging        | 3 4 5 |  5.2
Ranged Weapons | 5 |  5.0
Fighting       | 2 |  2.1
Stealth        | |  1.5

Action                     |  1- 3 |  4- 6 || total
---------------------------+-------+-------++-------
   Fire: Shortbow          |   130 |   110 ||   240
    Use: Scroll            |     3 |     5 ||     8
 Armour: Robe              |    14 |    26 ||    40
  Dodge: Dodged            |    75 |    62 ||   137

Table legend:
 A = Non-vault XP
 B = Vault XP
 C = Vault XP percentage of total XP
 D = Non-vault monster count
 E = Vault monster count
 F = Vault count percentage of total count
                 A         B        C        D         E       F
            +---------+---------+-------+---------+---------+-------
      Total |     179 |      25 |  12.3 |      56 |       7 |  11.1
            +---------+---------+-------+---------+---------+-------
        D:1 |      44 |       0 |   0.0 |      26 |       0 |   0.0
        D:2 |      51 |      21 |  29.2 |      15 |       5 |  25.0
        D:3 |      84 |       4 |   4.5 |      15 |       2 |  11.8
            +---------+---------+-------+---------+---------+-------
